 Dungeon Crawl Stone Soup version 0.28.0-53-g5a82cb258f (webtiles) character file.

Game seed: 15629251401029207232

282 Zeld the Gusty (level 6, -3/32 HPs)
             Began as a Tengu Air Elementalist on May 26, 2022.
             Slain by an ogre
             ... wielding a +0 giant club
              (29 damage)
             ... on level 4 of the Dungeon.
             The game lasted 00:07:50 (5856 turns).

Zeld the Gusty (Tengu Air Elementalist)             Turns: 5856, Time: 00:07:51

Health: -3/32      AC:  3    Str:  8    XL:     6   Next: 28%
Magic:  6/13       EV: 14    Int: 18    God:
Gold:   95         SH:  0    Dex: 14    Spells: 3/13 levels left

rFire   . . .      SeeInvis .   (no weapon)
rCold   . . .      Faith    .   (no shield)
rNeg    . . .      Spirit   .   a - +0 robe
rPois   .          Reflect  .   (helmet restricted)
rElec   .          Harm     .   (no cloak)
rCorr   .          Rampage  .   j - +0 pair of gloves
Will    .....                   (boots unavailable)
Stlth   ++........              (no amulet)
HPRegen 0.10/turn               (no ring)
MPRegen 0.13/turn               (no ring)

@: flying quickly and evasively, quick
A: beak, talons 3, nimble flight
a: no special abilities


You were on level 4 of the Dungeon.
You visited 1 branch of the dungeon, and saw 4 of its levels.

You collected 123 gold pieces.
You spent 28 gold pieces at shops.

Inventory:

Armour
 a - a +0 robe (worn)
 j - a +0 pair of gloves (worn)
Wands
 l - a wand of iceblast (8)
Scrolls
 c - 2 scrolls of noise {unknown}
 d - 2 scrolls of immolation {unknown}
 e - a scroll of teleportation {unknown}
 g - 3 scrolls of vulnerability {unknown}
 h - 3 scrolls of identify
 m - a scroll of magic mapping {unknown}
 n - a scroll of fog {unknown}
Potions
 b - a potion of magic {unknown}
 f - 3 potions of heal wounds {unknown}
 i - a potion of mutation {unknown}
 k - a potion of curing {unknown}


   Skills:
 - Level 2.1 Dodging
 - Level 2.0 Stealth
 * Level 4.0 Spellcasting
 + Level 3.6 Conjurations
 * Level 6.5 Air Magic


You had 3 spell levels left.
You knew the following spells:

 Your Spells              Type           Power      Damage    Failure   Level
a - Shock                 Conj/Air       84%        1d8       1%          1
b - Static Discharge      Conj/Air       21%        N/A       2%          2
c - Swiftness             Air            27%        N/A       3%          3
d - Airstrike             Air            13%        N/A       10%         4

Your spell library contained the following spells:

 Spells                   Type           Power      Damage    Failure   Level
 Pain                     Necr           12%        1d4       14%         1
 Slow                     Hex            12%        N/A       14%         1
 Confusing Touch          Hex            3%         N/A       41%         3
 Ozocubu's Armour         Ice            3%         N/A       41%         3
 Portal Projectile        Hex/Tloc       6%         N/A       41%         3
 Vampiric Draining        Necr           3%         2d6       41%         3
 Animate Dead             Necr           1%         N/A       82%         4
 Agony                    Necr           3%         N/A       99%         5
 Blade Hands              Tmut           1%         N/A       99%         5
 Excruciating Wounds      Necr           1%         N/A       99%         5
 Haunt                    Necr/Summ      1%         N/A       100%        7
 Ozocubu's Refrigeration  Ice            1%         4d5       100%        7
 Infestation              Necr           1%         N/A       100%        8


Dungeon Overview and Level Annotations

Branches:
Dungeon (4/15)
 Temple: D:4-7

Altars:

Shops:
D:2 ?


Innate Abilities, Weirdness & Mutations

You have a beak for a mouth.
You have claws for feet.
Your magical nature lets you fly swiftly and evasively.


Message History

You can't see any susceptible monsters within range! (Use Z to cast anyway.)
An ogre is nearby!
An ogre is nearby!
Casting: Static Discharge (safe; 2% risk of failure)
Confirm with . or Enter, or press ? or * to list all spells.
Aiming: Shock (safe; 1% risk of failure)
Press: ? - help, Shift-Dir - straight line, f - ogre
Aim: an ogre, wielding a +0 giant club (88% to hit)
The zap misses the ogre.
Unknown command.
Casting: Shock (safe; 1% risk of failure)
Confirm with . or Enter, or press ? or * to list all spells.
Aiming: Shock (safe; 1% risk of failure)
Press: ? - help, Shift-Dir - straight line, f/p - ogre
Aim: an ogre, wielding a +0 giant club (88% to hit)
The zap hits the ogre.
The ogre is lightly wounded.
Casting: Shock (safe; 1% risk of failure)
Confirm with . or Enter, or press ? or * to list all spells.
Aiming: Shock (safe; 1% risk of failure)
Press: ? - help, Shift-Dir - straight line, f/p - ogre
Aim: an ogre, wielding a +0 giant club (lightly wounded, 88% to hit)
The zap hits the ogre.
The ogre is lightly wounded.
Unknown command.
Casting: Shock (safe; 1% risk of failure)
Confirm with . or Enter, or press ? or * to list all spells.
The ogre is struck by an arc of lightning.
The ogre is moderately wounded.
You are struck by an arc of lightning.
The lightning grounds out.
The ogre closely misses you.
Unknown command.
Casting: Static Discharge (safe; 2% risk of failure)
Confirm with . or Enter, or press ? or * to list all spells.
The ogre is struck by an arc of lightning.
The ogre is heavily wounded.
You are struck by an arc of lightning.
The lightning grounds out.
The ogre hits you with a +0 giant club!!
Ouch! That really hurt!
You die...

#..# ##.## #..# ##
##.# # #.# ##.##
.#
..###.##...##.###.
....#..†8...#...
...#..#...#..# .
#....#..8@O#....
.#..#.....?.#.(#
####.##.##.#### ##
...### ##.## ...
.#. .# #. .


You could see an ogre.

Vanquished Creatures
  Terence (D:2)
  Robin (D:2)
  8 gnolls (D:3)
  6 adders
  2 worms
  3 dart slugs
  6 ball pythons
  6 bats
  9 endoplasms
  5 giant cockroaches
  13 goblins
  13 hobgoblins
  3 quokkas
  2 frilled lizards (D:3)
  11 kobolds
  16 rats
105 creatures vanquished.

Vanquished Creatures (others)
  A plant (D:1)
1 creature vanquished.

Grand Total: 106 creatures vanquished

Notes
Turn   | Place    | Note
-------+----------+-------------------------------------------
     0 | D:1      | Zeld the Tengu Air Elementalist began the quest for the
                  | Orb.
     0 | D:1      | Reached XP level 1. HP: 10/10 MP: 4/4
   207 | D:1      | Reached XP level 2. HP: 15/15 MP: 4/6
   210 | D:1      | Learned a level 2 spell: Static Discharge
   639 | D:1      | Found a faded altar of an unknown god.
   981 | D:1      | Reached XP level 3. HP: 5/19 MP: 0/7
   985 | D:1      | Learned a level 3 spell: Swiftness
  2036 | D:2      | Reached skill level 5 in Air Magic
  2127 | D:2      | Noticed Terence
  2161 | D:1      | Reached XP level 4. HP: 4/24 MP: 0/9
  2600 | D:2      | Noticed Robin
  2860 | D:2      | Killed Robin
  3650 | D:2      | Killed Terence
  3651 | D:2      | Gained mutation: Your magical nature lets you fly swiftly
                  | and evasively. [Tengu growth]
  3651 | D:2      | Reached XP level 5. HP: 22/28 MP: 2/11
  3720 | D:2      | Learned a level 4 spell: Airstrike
  4121 | D:2      | Found Furut's Magic Scroll Shop.
  4132 | D:2      | Bought a scroll of identify for 28 gold pieces
  4747 | D:3      | Reached skill level 6 in Air Magic
  4927 | D:3      | Reached XP level 6. HP: 32/32 MP: 4/12
  5856 | D:4      | Slain by an ogre

Illustrated notes

Levels and vault maps discovered:
D:1:      eino_arrival_tree_alley, layout_basic, serial_forest,
          infiniplex_forest_straight_3, infiniplex_forest_end_3,
          infiniplex_forest_lined_3, infiniplex_forest_straight_2,
          infiniplex_forest_clump_C, infiniplex_forest_lined_1,
          infiniplex_forest_lined_corner, shapermc_ecumenical_altar_ellora,
          hangedman_decor_opposing, minmay_tetromino_t4
D:2:      layout_rooms, serial_shops, nicolae_shop_statue_plus,
          serial_bayou_pond_d, serial_bayou_pond_e, minmay_quadrilaterals,
          uniq_terence, uniq_robin
D:3:      layout_rooms, minmay_three_crescents
D:4:      wad_crossroads, layout_basic, serial_bayou_lagoon_b

Skill      XL: |  1  2  3  4  5  6 |
---------------+-------------------+-----
Conjurations   | 2 3 |  3.6
Air Magic      | 5 6 |  6.5
Spellcasting   | 3 4 |  4.0
Dodging        | |  2.1
Stealth        | |  2.0

Action                   |  1- 3 |  4- 6 || total
-------------------------+-------+-------++-------
Melee: Unarmed           |    17 |    27 ||    44
       Peck              |     2 |     5 ||     7
       Kick              |     6 |     7 ||    13
 Cast: Shock             |    34 |    59 ||    93
       Static Discharge  |    24 |    40 ||    64
       Swiftness         |     1 |       ||     1
 Stab: Sleeping          |     1 |       ||     1
Armor: Robe              |     4 |     8 ||    12
Dodge: Dodged            |    35 |    52 ||    87
